 Dungeon Crawl Stone Soup version 0.17.0-24-gcfadda4 (webtiles) character file.

53 lucasterio the Magician (level 3, -1/19 HPs)
             Began as a Deep Elf Ice Elementalist on Nov 16, 2015.
             Slain by Ijyb
             ... wielding a +2 dagger of electrocution
              (17 damage)
             ... on level 2 of the Dungeon.
             The game lasted 00:10:27 (1257 turns).

lucasterio the Magician (Deep Elf Ice Elementalist) Turns: 1257, Time: 00:10:27

Health: -1/19      AC:  2    Str:  5    XL:     3   Next: 62%
Magic:  6/10       EV: 13    Int: 20    God:
Gold:   88         SH:  0    Dex: 15    Spells: 3 memorised, 4 levels left

rFire  . . .     SeeInvis .     g - -2 rapier (curse)
rCold  . . .     Clarity  .     a - +0 robe
rNeg   . . .     SustAt   .     (no shield)
rPois  .         Gourm    .     (no helmet)
rElec  .         Spirit   .     (no cloak)
rCorr  .         Warding  .     (no gloves)
rMut   .         Stasis   .     (no boots)
MR     .....                    (no amulet)
Stlth  +.........               (no ring)
                                (no ring)

@: confused, not resistant to hostile enchantments, very unstealthy
A: no striking features
a: no special abilities


You were on level 2 of the Dungeon.
You were not hungry.

You visited 1 branch of the dungeon, and saw 2 of its levels.

You collected 88 gold pieces.

Inventory:

Hand Weapons
 g - a cursed -2 rapier (weapon)
 l - a +0 short sword
Armour
 a - a +0 robe (worn)
 j - a +2 helmet
Scrolls
 f - a scroll of fear {unknown}
 k - a scroll of amnesia {unknown}
 m - a scroll of noise {unknown}
 n - a scroll of fog {unknown}
 o - 2 scrolls of identify {unknown}
Potions
 d - a potion of heal wounds {unknown}
 e - a potion of invisibility {unknown}
 h - a potion of brilliance {unknown}
Books
 b - a book of Frost

   Spells                             Type                      Level
   a - Freeze                         Ice                          1
   b - Throw Frost                    Conjuration/Ice              2
   c - Ozocubu's Armour               Charms/Ice                   3
   d - Throw Icicle                   Conjuration/Ice              4
   e - Summon Ice Beast               Ice/Summoning                4
   f - Condensation Shield            Ice                          4
Comestibles
 c - 2 bread rations
 i - a meat ration
 p - 8 chunks of flesh


   Skills:
 - Level 2.4 Dodging
 - Level 2.4 Stealth
 + Level 4.2 Spellcasting
 * Level 1.7 Conjurations
 + Level 4.1 Ice Magic


You had 4 spell levels left.
You knew the following spells:

 Your Spells              Type           Power        Failure   Level  Hunger
a - Freeze                Ice            ###.         2%          1    None
b - Throw Frost           Conj/Ice       ###...       6%          2    #......
c - Ozocubu's Armour      Chrm/Ice       ##......     17%         3    ###....


Dungeon Overview and Level Annotations

Branches:
Dungeon (2/15)

Altars:

Annotations:
D:2 Ijyb


Message History

You bump into the rock wall.
Ijyb zaps a wand.
You are more confused.
You bump into the rock wall.
Ijyb zaps a wand.
You resist with some effort.
Ijyb zaps a wand.
You are more confused.
You bump into the rock wall.
Ijyb zaps a wand.
You resist with some effort.
You're too confused to move!
Ijyb zaps a wand.
You are more confused.
You bump into the rock wall.
Ijyb zaps a wand.
You resist with some effort.
Ijyb zaps a wand.
You are more confused.
You bump into the rock wall.
Ijyb hits you with a dagger of electrocution.
You're too confused to move!
Ijyb zaps a wand.
You resist with some effort.
You closely miss Ijyb.
Ijyb is lightly wounded.
Ijyb hits you but does no damage.
You are electrocuted!
Ouch! That really hurt!
You die...

##### #.#
#..#..#...##..... # #.##
##....#..##...... .. ...#
#....##..#.#.... #. .#.
#.....#......... # ..#..
##...............
...#...###...##...........
#....#.....# #..........
#...##.####... ....
#...@g........
#....###.######.. ..#...
#.# ..#.. ..# #...#. ####
......# #.....


You could see Ijyb.

Vanquished Creatures
  An adder (D:2)
  An ooze (D:1)
  2 giant cockroaches (D:1)
  4 goblins
  3 hobgoblins (D:1)
  6 jackals
  4 kobolds
  A quokka (D:2)
  A ball python (D:2)
  3 bats (D:1)
  5 giant newts
  10 rats
41 creatures vanquished.

Notes
Turn   | Place    | Note
--------------------------------------------------------------
     0 | D:1      | lucasterio the Deep Elf Ice Elementalist began the quest for the Orb.
     0 | D:1      | Reached XP level 1. HP: 10/10 MP: 6/6
   229 | D:1      | Reached XP level 2. HP: 9/15 MP: 4/8
   233 | D:1      | Learned a level 2 spell: Throw Frost
   556 | D:1      | Reached skill level 4 in Spellcasting
   769 | D:1      | Reached XP level 3. HP: 15/19 MP: 2/10
   908 | D:1      | Learned a level 3 spell: Ozocubu's Armour
  1224 | D:2      | Noticed Ijyb
  1257 | D:2      | Slain by Ijyb

Action                   || total
-------------------------++-------
Melee: Rapier            ||     1
 Cast: Freeze            ||    42
       Throw Frost       ||    20
  Eat: Meat ration       ||     1
